| TOP OF THE 1ST |
|
Calgary Flames batting - Pitching for Americus Braves : LHP Jose Reyes
|
|
Pitching: LHP Jose Reyes
|
|
|
Batting: RHB Andre Thompson
|
0-0: Foul Ball, location: 2F 0-1: Ball 1-1: Ball 2-1: Ball 3-1: Swinging Strike 3-2: Strikes out swinging
|
|
Batting: RHB Jim Harkness
|
0-0: Foul Ball, location: 2F 0-1: Ball 1-1: Ball 2-1: Swinging Strike 2-2: Ground out 6-3 (Groundball, 56, EV 83.1 MPH)
|
|
Batting: SHB Steve Wipf
|
0-0: Ball 1-0: Swinging Strike 1-1: Swinging Strike 1-2: Ground out 5-3 (Groundball, 56, EV 106.2 MPH)
|
| Top of the 1st over - 0 runs, 0 hits, 0 errors, 0 left on base; Calgary 0 - Americus 0 |
| BOTTOM OF THE 1ST |
|
Americus Braves batting - Pitching for Calgary Flames : RHP Jason Cekic
|
|
Pitching: RHP Jason Cekic
|
|
|
Batting: RHB Ryan Cole
|
0-0: Ball 1-0: Ball 2-0: Fly out, F6 (Popup, 6M, EV 66.9 MPH)
|
|
Batting: SHB Chris Morrison
|
0-0: Foul Ball, location: 2F 0-1: Foul Ball, location: 2F 0-2: Ball 1-2: Ball 2-2: Strikes out swinging
|
|
Batting: RHB Scott Hansen
|
0-0: Ball 1-0: Foul Ball, location: 2F 1-1: Foul Ball, location: 2F 1-2: Foul Ball, location: 2F 1-2: Ball 2-2: Reached on error, E1 (Groundball, P, EV 69.4 MPH)
|
|
Batting: RHB Wilson Salgado
|
0-0: Swinging Strike 0-1: Ball 1-1: 2-RUN HOME RUN (Line Drive, 9D, EV 108.1 MPH), Distance : 401 ft
|
|
Batting: RHB Josh Maxwell
|
0-0: Ball 1-0: Foul Ball, location: 2F 1-1: Ground out 5-3 (Groundball, 56, EV 81.9 MPH)
|
| Bottom of the 1st over - 2 runs, 1 hit, 1 error, 0 left on base; Calgary 0 - Americus 2 |
| TOP OF THE 2ND |
|
Calgary Flames batting - Pitching for Americus Braves : LHP Jose Reyes
|
|
Batting: SHB Shawnie Codbucket
|
0-0: Foul Ball, location: 2F 0-1: Ball 1-1: Foul Ball, location: 2F 1-2: Ball 2-2: Ground out 1-3 (Groundball, 34S, EV 66.2 MPH)
|
|
Batting: LHB Greg Robertson
|
0-0: Ball 1-0: Ground out 5-3 (Groundball, 56, EV 107.5 MPH)
|
|
Batting: RHB Bruce Lovett
|
0-0: Ball 1-0: Ball 2-0: Ball 3-0: Called Strike 3-1: Swinging Strike 3-2: Strikes out looking
|
| Top of the 2nd over - 0 runs, 0 hits, 0 errors, 0 left on base; Calgary 0 - Americus 2 |
| BOTTOM OF THE 2ND |
|
Americus Braves batting - Pitching for Calgary Flames : RHP Jason Cekic
|
|
Batting: RHB Jose Florez
|
0-0: Ball 1-0: Called Strike 1-1: Swinging Strike 1-2: Foul Ball, location: 2F 1-2: Foul Ball, location: 2F 1-2: Fly out, F7 (Flyball, 7S, EV 91.2 MPH)
|
|
Batting: SHB Vladimir Guerrero III
|
0-0: Ball 1-0: Called Strike 1-1: Ball 2-1: Ball 3-1: Foul Ball, location: 2F 3-2: Foul Ball, location: 2F 3-2: Strikes out swinging
|
|
Batting: RHB Travis Mendoza
|
0-0: Foul Ball, location: 2F 0-1: SINGLE (Groundball, 56D, EV 106.9 MPH)
|
|
Batting: LHB Pappy Sterile
|
0-0: Ball 1-0: Foul Ball, location: 2F 1-1: Foul Ball, location: 2F 1-2: Ball 2-2: Strikes out swinging, 2-3 out at first.
|
| Bottom of the 2nd over - 0 runs, 1 hit, 0 errors, 1 left on base; Calgary 0 - Americus 2 |
| TOP OF THE 3RD |
|
Calgary Flames batting - Pitching for Americus Braves : LHP Jose Reyes
|
|
Batting: RHB Ryan Allen
|
0-0: Fly out, F8 (Flyball, 89D, EV 94.4 MPH)
|
|
Batting: RHB Jerry Olson
|
0-0: Ball 1-0: Foul Ball, location: 2F 1-1: Swinging Strike 1-2: Strikes out swinging
|
|
Batting: RHB Pablo Henriquez
|
0-0: Ball 1-0: Ball 2-0: Called Strike 2-1: Foul Ball, location: 2F 2-2: Strikes out swinging
|
| Top of the 3rd over - 0 runs, 0 hits, 0 errors, 0 left on base; Calgary 0 - Americus 2 |
| BOTTOM OF THE 3RD |
|
Americus Braves batting - Pitching for Calgary Flames : RHP Jason Cekic
|
|
Batting: RHB Ryan Cole
|
0-0: Called Strike 0-1: Ball 1-1: Foul Ball, location: 2F 1-2: Ball 2-2: Ball 3-2: Foul Ball, location: 2F 3-2: SINGLE (Groundball, 4S, EV 68.8 MPH) (infield hit)
|
|
Batting: SHB Chris Morrison
|
0-0: Ball 1-0: Ball 2-0: Called Strike 2-1: DOUBLE (Flyball, 8LXD, EV 95.0 MPH) Ryan Cole to third
|
|
Batting: RHB Scott Hansen
|
0-0: Ball 1-0: Foul Ball, location: 2F 1-1: Called Strike 1-2: Ball 2-2: Foul Ball, location: 2F 2-2: Ball 3-2: Fly out, F5 (Line Drive, 56, EV 68.8 MPH)
|
|
Batting: RHB Wilson Salgado
|
0-0: Ball 1-0: Ball Passed Ball! Ryan Cole scores Chris Morrison to third 2-0: Called Strike 2-1: DOUBLE (Groundball, 5L, EV 102.5 MPH) Chris Morrison scores
|
|
Batting: RHB Josh Maxwell
|
0-0: Foul Ball, location: 2F 0-1: Ball 1-1: Ball 2-1: SINGLE (Line Drive, 34D, EV 101.2 MPH) Wilson Salgado to third
|
|
Batting: RHB Jose Florez
|
0-0: Called Strike 0-1: Grounds into double play, 4-6-3 (Groundball, 34, EV 98.8 MPH)
|
| Bottom of the 3rd over - 2 runs, 4 hits, 0 errors, 1 left on base; Calgary 0 - Americus 4 |
| TOP OF THE 4TH |
|
Calgary Flames batting - Pitching for Americus Braves : LHP Jose Reyes
|
|
Batting: RHB Andre Thompson
|
0-0: Ball 1-0: Foul Ball, location: 2F 1-1: Swinging Strike 1-2: Foul Ball, location: 2F 1-2: SINGLE (Groundball, 5S, EV 75.0 MPH) (infield hit)
|
|
Batting: RHB Jim Harkness
|
0-0: SINGLE (Groundball, 6MS, EV 68.8 MPH) (infield hit) Andre Thompson to second
|
|
Pinch Runner at 1st Yu-hsui Lew:
|
|
|
Batting: SHB Steve Wipf
|
0-0: Called Strike 0-1: Ball 1-1: Swinging Strike 1-2: Foul Ball, location: 2F 1-2: Grounds into double play, 6-4-3 (Groundball, 6, EV 93.8 MPH) Andre Thompson to third
|
|
Batting: SHB Shawnie Codbucket
|
0-0: Called Strike 0-1: Swinging Strike 0-2: Ball 1-2: Foul Ball, location: 2F 1-2: Ball 2-2: 2-RUN HOME RUN (Flyball, 7D, EV 96.2 MPH), Distance : 384 ft
|
|
Batting: LHB Greg Robertson
|
0-0: Ball 1-0: Foul Ball, location: 2F 1-1: SINGLE (Line Drive, 89S, EV 92.5 MPH)
|
|
Batting: RHB Bruce Lovett
|
0-0: Ball 1-0: Ball 2-0: Called Strike 2-1: Swinging Strike 2-2: Foul Ball, location: 2F 2-2: Strikes out swinging
|
| Top of the 4th over - 2 runs, 4 hits, 0 errors, 1 left on base; Calgary 2 - Americus 4 |
| BOTTOM OF THE 4TH |
|
Americus Braves batting - Pitching for Calgary Flames : RHP Jason Cekic
|
|
Now at SS: Yu-hsui Lew
|
|
|
Batting: SHB Vladimir Guerrero III
|
0-0: Swinging Strike 0-1: Foul Ball, location: 2F 0-2: Strikes out swinging
|
|
Batting: RHB Travis Mendoza
|
0-0: Ball 1-0: Ball 2-0: Ball 3-0: Called Strike 3-1: Swinging Strike 3-2: Strikes out swinging
|
|
Batting: LHB Pappy Sterile
|
0-0: Called Strike 0-1: Ball 1-1: Swinging Strike 1-2: Strikes out swinging
|
| Bottom of the 4th over - 0 runs, 0 hits, 0 errors, 0 left on base; Calgary 2 - Americus 4 |
| TOP OF THE 5TH |
|
Calgary Flames batting - Pitching for Americus Braves : LHP Jose Reyes
|
|
Batting: RHB Ryan Allen
|
0-0: Called Strike 0-1: Called Strike 0-2: Ball 1-2: Ball 2-2: Foul Ball, location: 2F 2-2: Strikes out swinging
|
|
Batting: RHB Jerry Olson
|
0-0: Called Strike 0-1: Ball 1-1: Foul Ball, location: 2F 1-2: Strikes out swinging
|
|
Batting: RHB Pablo Henriquez
|
0-0: Ball 1-0: Ball 2-0: Ground out 4-3 (Groundball, 4, EV 108.1 MPH)
|
| Top of the 5th over - 0 runs, 0 hits, 0 errors, 0 left on base; Calgary 2 - Americus 4 |
| BOTTOM OF THE 5TH |
|
Americus Braves batting - Pitching for Calgary Flames : RHP Jason Cekic
|
|
Pitching: RHP Bobby Franco
|
|
|
Batting: RHB Ryan Cole
|
0-0: Swinging Strike 0-1: Ball 1-1: Foul Ball, location: 2F 1-2: Ball 2-2: Ground out 6-3 (Groundball, 6S, EV 81.9 MPH)
|
|
Batting: SHB Chris Morrison
|
0-0: Ball 1-0: Foul Ball, location: 2F 1-1: Fly out, F2 (Popup, 2LF, EV 91.9 MPH)
|
|
Batting: RHB Scott Hansen
|
0-0: Ball 1-0: Swinging Strike 1-1: Ball 2-1: Foul Ball, location: 2F 2-2: Fly out, F9 (Flyball, 89S, EV 72.5 MPH)
|
| Bottom of the 5th over - 0 runs, 0 hits, 0 errors, 0 left on base; Calgary 2 - Americus 4 |
| TOP OF THE 6TH |
|
Calgary Flames batting - Pitching for Americus Braves : LHP Jose Reyes
|
|
Batting: RHB Andre Thompson
|
0-0: Called Strike 0-1: Foul Ball, location: 2F 0-2: Foul Ball, location: 2F 0-2: Ball 1-2: Strikes out swinging
|
|
Batting: SHB Yu-hsui Lew
|
0-0: Foul Ball, location: 2F 0-1: SINGLE (Groundball, 6MD, EV 103.1 MPH)
|
|
Batting: SHB Steve Wipf
|
0-0: Ball 1-0: Called Strike 1-1: Ball Yu-hsui Lew steals 2nd base 2-1: Ball 3-1: Reached on error, E5 (Groundball, 56, EV 86.9 MPH) Yu-hsui Lew scores
|
|
Batting: SHB Shawnie Codbucket
|
0-0: Ball 1-0: Called Strike 1-1: Ball 2-1: Ball 3-1: Foul Ball, location: 2F 3-2: Strikes out swinging
|
|
Batting: LHB Greg Robertson
|
0-0: Ground out 6-3 (Groundball, 56D, EV 98.8 MPH)
|
| Top of the 6th over - 1 run, 1 hit, 1 error, 1 left on base; Calgary 3 - Americus 4 |
| BOTTOM OF THE 6TH |
|
Americus Braves batting - Pitching for Calgary Flames : RHP Bobby Franco
|
|
Batting: RHB Wilson Salgado
|
0-0: Ball 1-0: Ball 2-0: Fly out, F7 (Flyball, 7S, EV 87.5 MPH)
|
|
Batting: RHB Josh Maxwell
|
0-0: Swinging Strike 0-1: Ball 1-1: Swinging Strike 1-2: Foul Ball, location: 2F 1-2: Strikes out swinging
|
|
Batting: RHB Jose Florez
|
0-0: Called Strike 0-1: Ball 1-1: Foul Ball, location: 2F 1-2: Fly out, F8 (Flyball, 78M, EV 96.2 MPH)
|
| Bottom of the 6th over - 0 runs, 0 hits, 0 errors, 0 left on base; Calgary 3 - Americus 4 |
| TOP OF THE 7TH |
|
Calgary Flames batting - Pitching for Americus Braves : LHP Jose Reyes
|
|
Batting: RHB Bruce Lovett
|
0-0: Called Strike 0-1: Swinging Strike 0-2: Strikes out swinging
|
|
Batting: RHB Tyler Johnson
|
0-0: Ball 1-0: Ball 2-0: Ground out U3 (Groundball, 23, EV 81.9 MPH)
|
|
Pinch Hitting: RHB Juan Mercado
|
0-0: Called Strike 0-1: Swinging Strike 0-2: Ball 1-2: SOLO HOME RUN (Flyball, 9D, EV 93.1 MPH), Distance : 374 ft
|
|
Batting: RHB Pablo Henriquez
|
0-0: Foul Ball, location: 2F 0-1: Ground out 1-3 (Groundball, 13S, EV 61.2 MPH)
|
| Top of the 7th over - 1 run, 1 hit, 0 errors, 0 left on base; Calgary 4 - Americus 4 |
| BOTTOM OF THE 7TH |
|
Americus Braves batting - Pitching for Calgary Flames : RHP Bobby Franco
|
|
Now in LF: Mick Vaught
|
|
|
Batting: SHB Vladimir Guerrero III
|
0-0: Called Strike 0-1: Ball 1-1: Swinging Strike 1-2: Ball 2-2: Ball 3-2: Fly out, F8 (Flyball, 8LXD, EV 90.0 MPH)
|
|
Batting: RHB Travis Mendoza
|
0-0: Ground out 5-3 (Groundball, 5, EV 78.8 MPH)
|
|
Batting: LHB Pappy Sterile
|
0-0: Ball 1-0: Foul Ball, location: 2F 1-1: Ball 2-1: Foul Ball, location: 2F 2-2: Strikes out swinging
|
| Bottom of the 7th over - 0 runs, 0 hits, 0 errors, 0 left on base; Calgary 4 - Americus 4 |
| TOP OF THE 8TH |
|
Calgary Flames batting - Pitching for Americus Braves : LHP Jose Reyes
|
|
Pitching: RHP Danny Sosa
|
|
|
Batting: RHB Andre Thompson
|
0-0: Foul Ball, location: 2F 0-1: Foul Ball, location: 2F 0-2: Ball 1-2: Ground out 6-3 (Groundball, 6, EV 81.9 MPH)
|
|
Batting: SHB Yu-hsui Lew
|
0-0: Ball 1-0: Called Strike 1-1: Foul Ball, location: 2F 1-2: Ball 2-2: SINGLE (Groundball, 56S, EV 76.2 MPH) (infield hit)
|
|
Batting: SHB Steve Wipf
|
0-0: Ball 1-0: Ball 2-0: Foul Ball, location: 2F 2-1: Ball 3-1: Base on Balls Yu-hsui Lew to second
|
|
Batting: SHB Shawnie Codbucket
|
0-0: Ball 1-0: Ball 2-0: Called Strike 2-1: Foul Ball, location: 2F 2-2: Foul Ball, location: 2F 2-2: Ball 3-2: 3-RUN HOME RUN (Flyball, 9LD, EV 98.8 MPH), Distance : 359 ft
|
|
Pitching: RHP Norm Wamboldt
|
|
|
Batting: LHB Greg Robertson
|
0-0: Fly out, F7 (Line Drive, 7LM, EV 85.0 MPH)
|
|
Batting: RHB Bruce Lovett
|
0-0: Called Strike 0-1: Foul Ball, location: 2F 0-2: Ball 1-2: Foul Ball, location: 2F 1-2: Ball 2-2: SOLO HOME RUN (Flyball, 7LD, EV 94.4 MPH), Distance : 353 ft
|
|
Batting: RHB Tyler Johnson
|
0-0: Ball 1-0: Ground out 1-3 (Groundball, P, EV 66.2 MPH)
|
| Top of the 8th over - 4 runs, 3 hits, 0 errors, 0 left on base; Calgary 8 - Americus 4 |
| BOTTOM OF THE 8TH |
|
Americus Braves batting - Pitching for Calgary Flames : RHP Bobby Franco
|
|
Batting: RHB Ryan Cole
|
0-0: Ball 1-0: Called Strike 1-1: Foul Ball, location: 2F 1-2: SOLO HOME RUN (Flyball, 7D, EV 104.4 MPH), Distance : 401 ft
|
|
Batting: SHB Chris Morrison
|
0-0: Fly out, F3 (Popup, 3SF, EV 85.6 MPH)
|
|
Batting: RHB Scott Hansen
|
0-0: Foul Ball, location: 2F 0-1: Foul Ball, location: 2F 0-2: Foul Ball, location: 2F 0-2: Ball 1-2: Foul Ball, location: 2F 1-2: Ground out 6-3 (Groundball, 6, EV 85.0 MPH)
|
|
Batting: RHB Wilson Salgado
|
0-0: Ball 1-0: Ground out 6-3 (Groundball, 6, EV 101.2 MPH)
|
| Bottom of the 8th over - 1 run, 1 hit, 0 errors, 0 left on base; Calgary 8 - Americus 5 |
| TOP OF THE 9TH |
|
Calgary Flames batting - Pitching for Americus Braves : RHP Norm Wamboldt
|
|
Batting: RHB Mick Vaught
|
0-0: Called Strike 0-1: Ball 1-1: Called Strike 1-2: Foul Ball, location: 2F 1-2: Ball 2-2: Ball 3-2: Strikes out swinging
|
|
Batting: RHB Pablo Henriquez
|
0-0: Called Strike 0-1: Ground out 1-3 (Groundball, 15S, EV 70.0 MPH)
|
|
Batting: RHB Andre Thompson
|
0-0: Called Strike 0-1: Ball 1-1: Ball 2-1: Swinging Strike 2-2: Foul Ball, location: 2F 2-2: Strikes out swinging
|
| Top of the 9th over - 0 runs, 0 hits, 0 errors, 0 left on base; Calgary 8 - Americus 5 |
| BOTTOM OF THE 9TH |
|
Americus Braves batting - Pitching for Calgary Flames : RHP Bobby Franco
|
|
Pitching: RHP David Lewis
|
|
|
Batting: RHB Josh Maxwell
|
0-0: Foul Ball, location: 2F 0-1: Swinging Strike 0-2: Ball 1-2: Ground out 5-3 (Groundball, 15, EV 82.5 MPH)
|
|
Pinch Hitting: RHB Bill Horne
|
0-0: Ball 1-0: Called Strike 1-1: Ball 2-1: Swinging Strike 2-2: Ball 3-2: Foul Ball, location: 2F 3-2: Foul Ball, location: 2F 3-2: Ground out 4-3 (Groundball, 4, EV 82.5 MPH)
|
|
Batting: SHB Vladimir Guerrero III
|
0-0: Ball 1-0: Foul Ball, location: 2F 1-1: Ball 2-1: Ball 3-1: Base on Balls
|
|
Batting: RHB Travis Mendoza
|
0-0: Ball 1-0: Swinging Strike 1-1: Ball 2-1: Ball 3-1: Foul Ball, location: 2F 3-2: Base on Balls Vladimir Guerrero III to second
|
|
Pinch Hitting: RHB Chris Foss
|
0-0: Reached on error, E6 (Groundball, 6, EV 106.2 MPH) Vladimir Guerrero III to third Travis Mendoza to second
|
|
Batting: RHB Ryan Cole
|
0-0: Ball 1-0: Foul Ball, location: 2F 1-1: Swinging Strike 1-2: Strikes out swinging
|
| Bottom of the 9th over - 0 runs, 0 hits, 1 error, 3 left on base; Calgary 8 - Americus 5 |
|